 Dungeon Crawl Stone Soup version 0.30.0-10-gfe55d96785 (webtiles) character file.

Game seed: 15763957176100926407

92 Strat the Shooter (level 5, 0/43 (45) HPs)
             Began as a Meteoran Hunter on May 16, 2023.
             Slain by a wight
             ... wielding a +3 halberd of freezing
              (6 damage)
             ... on level 4 of the Dungeon.
             The game lasted 00:07:12 (1382 turns).

Strat the Shooter (Meteoran Hunter)                 Turns: 1382, Time: 00:07:12

HP:   0/43 (45)     AC:  7    Str: 13    XL:     5   Next: 14%
MP:   6/6           EV: 13    Int: 16    God:
Gold: 92            SH:  0    Dex: 19    Spells: 4/4 levels left

rFire   . . .        a - +0 shortbow
rCold   . . .        (shield currently unavailable)
rNeg    . . .        c - +0 leather armour
rPois   .            (no helmet)
rElec   .            (no cloak)
rCorr   .            (no gloves)
SInv    .            (no boots)
Will    .....        (no amulet)
Stlth   +            d - +6 ring of intelligence
HPRegen 0.27/turn    j - +4 ring of protection
MPRegen 0.10/turn

%: no passive effects
@: glowing, lightly drained
A: sense surroundings 1, otherworldly, glowing, explore regen
a: no special abilities


You were on level 4 of the Dungeon.
You visited 1 branch of the dungeon, and saw 4 of its levels.

You collected 162 gold pieces.
You spent 70 gold pieces at shops.

Inventory:

Hand Weapons
 a - a +0 shortbow (weapon)
 i - the +11 dagger of Nuoll {freeze, rPois Str+6}
   (You found it on level 3 of the Dungeon)

   Str:       It affects your strength (+6).
   rPois:     It protects you from poison.
Armour
 c - a +0 leather armour (worn)
Jewellery
 d - a +6 ring of intelligence (left hand)
 j - a +4 ring of protection (right hand)
Scrolls
 b - a scroll of immolation
 e - a scroll of identify
 g - a scroll of blinking
Potions
 f - 3 potions of resistance {unknown}


   Skills:
 + Level 3.1 Fighting
 * Level 5.5 Ranged Weapons
 + Level 3.4 Dodging
 - Level 0.6 Stealth


You had 4 spell levels left.
You didn't know any spells.
Your spell library contained the following spells:

 Spells                   Type           Power      Damage    Failure   Level
 Fireball                 Conj/Fire      0%         3d3       100%        5
 Iskenderun's Battlesphe  Conj           0%         2d6       100%        5
 Conjure Ball Lightning   Conj/Air       0%         3x3d6     100%        6
 Orb of Destruction       Conj           0%         9d5       100%        7


Dungeon Overview and Level Annotations

Branches:
Dungeon (4/15) Zot: 985
 Temple: D:4-7

Altars:

Shops:
D:2 *

Annotations:
D:4 Pikel


Innate Abilities, Weirdness & Mutations

You passively map a small area around you.
You are easily found by Zot.
You glow in the dark.
You regain HP and MP as you explore.


Message History

The ball python bites you but does no damage.
The lemure attacks as you move away! The lemure hits you.
* * * LOW HITPOINT WARNING * * *
The ball python attacks as you move away!
The ball python closely misses you. The ball python bites you.
* * * LOW HITPOINT WARNING * * *
The ball python misses you. The lemure attacks as you move away!
The lemure hits you.
* * * LOW HITPOINT WARNING * * *
There is a stone staircase leading up here.
The lemure barely misses you.
You climb upwards.
There is a stone staircase leading down here.
Fire: a) +0 shortbow
Press: ? - help, Q - select action Shift-Dir - straight line, f - lemure
Aim: a lemure (58% to hit)
You shoot an arrow. The arrow hits the lemure.
The lemure is lightly wounded.
The lemure hits you.
* * * LOW HITPOINT WARNING * * *
You feel yourself speed up. The lemure closely misses you.
Your extra speed is starting to run out.
You feel yourself slow down.
A lemure is nearby!
There is a stone staircase leading up here.
You can't go down here!
There is a stone staircase leading down here.
You climb downwards.
Level annotation: Pikel The wight closely misses you.
A wight comes into view. It is wielding a +3 mace.
The wight hits you with a +3 halberd of freezing!
* * * LOW HITPOINT WARNING * * *
You feel drained.
* * * LOW HITPOINT WARNING * * *
The wight freezes you.
* * * LOW HITPOINT WARNING * * *
There is a stone staircase leading up, spattered with blood here.
The wight hits you from afar with a +3 halberd of freezing.
You die...

############ ,
...........
,*#..#......#* * *
#..zz....[# * ,*
#..#......#
#zz#......#
,###<.#......#
#.@..#).....#####
#.>..##.#..........###
#..###..#....#####....
#. #.#..##.# #... # *
#.#.###.## #... *
#z#.# #..# #.. ....>#
....#.#.# ##.### #..
......#### .....#z#.#
#...# #.. .........
,#....#.#.# ###.####..


You could see 3 wights.

Vanquished Creatures
  An adder (D:4)
  5 dart slugs
  2 orcs
  6 ball pythons
  5 bats
  4 endoplasms
  3 giant cockroaches
  5 goblins
  12 hobgoblins
  5 quokkas
  2 frilled lizards (D:2)
  4 kobolds
  6 rats
60 creatures vanquished.

Notes
Turn   | Place    | Note
-------+----------+-------------------------------------------
     0 | D:1      | Strat the Meteoran Hunter began the quest for the Orb.
     0 | D:1      | Reached XP level 1. HP: 17/17 MP: 2/2
    33 | D:1      | Reached XP level 2. HP: 25/25 MP: 3/3
   131 | D:1      | Reached XP level 3. HP: 26/30 MP: 4/4
   166 | D:1      | Reached skill level 5 in Ranged Weapons
   210 | D:1      | Found a faded altar of an unknown god.
   296 | D:1      | Reached XP level 4. HP: 34/37 MP: 5/5
   506 | D:2      | Found Suhiorap's General Store.
   518 | D:2      | Bought a scroll of teleportation for 42 gold pieces
   518 | D:2      | Bought a scroll of identify for 28 gold pieces
   731 | D:3      | Identified the +11 dagger of Nuoll {freeze, rPois Str+6}
  1017 | D:4      | Noticed a wight
  1018 | D:4      | Noticed a wight
  1020 | D:4      | Noticed a wight
  1186 | D:4      | Reached XP level 5. HP: 45/45 MP: 6/6
  1217 | D:4      | Noticed a lemure
  1217 | D:4      | Noticed Pikel
  1217 | D:4      | Noticed a lemure
  1218 | D:4      | Noticed a lemure
  1218 | D:4      | Noticed a lemure
  1271 | D:3      | HP: 2/45 [lemure[Pikel] (6)]
  1382 | D:4      | Slain by a wight

Illustrated notes

Levels and vault maps discovered:
D:1:      dpeg_arrival_rooms_c, layout_basic,
          shapermc_ecumenical_altar_mp_ritualfount, solitary_fountain
D:2:      layout_loops_ring, serial_shops, shop, chequers_jeans
D:3:      layout_rooms, grunt_decor_fettered
D:4:      layout_rooms, uniq_crazy_yiuf_cottage, uniq_pikel

Skill      XL: |  1  2  3  4 |
---------------+-------------+-----
Ranged Weapons | 5 |  5.5
Dodging        | 3 |  3.4
Fighting       | 3 |  3.1
Stealth        | |  0.6

Action                     |  1- 3 |  4- 6 || total
---------------------------+-------+-------++-------
   Fire: Shortbow          |    76 |   103 ||   179
    Use: Scroll            |       |     4 ||     4
         Potion            |       |     1 ||     1
 Armour: Leather armour    |    14 |    48 ||    62
  Dodge: Dodged            |    23 |    69 ||    92
